 Dungeon Crawl Stone Soup version 0.26-a0-812-g31a745ddcd (webtiles) character file.

Game seed: 11925591240954485248

73 Bapho the Grave Robber (level 4, -2/30 HPs)
             Began as a Vampire Necromancer on Nov 14, 2020.
             Killed from afar by an orc wizard (8 damage)
             ... with a puff of flame
             ... on level 3 of the Dungeon.
             The game lasted 00:05:19 (1524 turns).

Bapho the Grave Robber (Vampire Necromancer)        Turns: 1524, Time: 00:05:20

Health: -2/30      AC:  7    Str:  7    XL:     4   Next: 8%
Magic:  2/7        EV: 12    Int: 18    God:
Gold:   174        SH:  0    Dex: 14    Spells: 6/8 levels left

rFire    . . .     SeeInvis +   q - -3 spear (curse)
rCold    . . .     Faith    .   (no shield)
rNeg     . . .     Spirit   .   a - +0 robe
rPois    .         Reflect  .   n - +1 hat
rElec    .         Harm     .   o - +2 cloak
rCorr    .         Rampage  .   (no gloves)
MR       .....                  p - +0 pair of boots
Stlth    +++.......             (no amulet)
HPRegen  0.30/turn              (no ring)
MPRegen  0.10/turn              (no ring)

@: regenerating quickly
A: fangs 3, see invisible, unbreathing
a: Exsanguinate


You were on level 3 of the Dungeon.
You visited 1 branch of the dungeon, and saw 3 of its levels.

You collected 174 gold pieces.

Inventory:

Hand Weapons
 b - a +0 short sword
 e - a +0 dagger
 q - a cursed -3 spear (weapon)
 r - a +1 spear
Missiles
 h - 33 stones (quivered)
Armour
 a - a +0 robe (worn)
 n - a +1 hat (worn)
 o - a +2 cloak (worn)
 p - a +0 pair of boots (worn)
Jewellery
 g - a +4 ring of protection {unknown}
Scrolls
 d - 2 scrolls of identify
 f - a scroll of enchant weapon
 j - a scroll of magic mapping
Potions
 c - 2 potions of lignification
 i - a potion of curing


   Skills:
 - Level 0.4 Short Blades
 - Level 2.1 Dodging
 + Level 4.5 Stealth
 + Level 2.5 Spellcasting
 * Level 5.2 Necromancy


You had 6 spell levels left.
You knew the following spells:

 Your Spells              Type           Power        Failure   Level
a - Pain                  Necr           ###.         1%          1
b - Animate Skeleton      Necr           ###...       1%          1

Your spell library contained the following spells:

 Spells                   Type           Power        Failure   Level
 Vampiric Draining        Necr           ###.......   6%          3
 Animate Dead             Necr           ###.......   21%         4
 Agony                    Necr           ###.....     50%         5


Dungeon Overview and Level Annotations

Branches:
Dungeon (3/15)

Altars:
Gozag
Hepliaklqana
Makhleb


Innate Abilities, Weirdness & Mutations

Your natural rate of healing is unusually fast.
You have razor-sharp teeth.
You have supernaturally acute eyesight. (SInv)
You can survive without breathing.


Message History

Confirm with . or Enter, or press ? or * to list all spells.
Aiming: Pain (safe; 1% risk of failure)
Press: ? - help, Shift-Dir - straight line, f/p - orc wizard
Aim: an orc wizard, wielding a +0 dagger and wearing a +0 robe (lightly wounded, fast, slightly transparent, chance to defeat MR: 80%)
The orc wizard writhes in agony.
The orc shouts!
You hear a shout!
The orc wizard casts a spell at you. The puff of frost hits you!
The orc wizard closely misses you. The orc hits you but does no damage.
Found 11 poisoned darts.
The orc wizard gestures at you while chanting.
The puff of frost hits you. The orc closely misses you.
The orc wizard casts a spell at you. The puff of frost hits you!
* * * LOW HITPOINT WARNING * * *
There is a stone staircase leading up here.
The orc wizard gestures at you while chanting.
The puff of flame hits you!
You die...

#..#.##.# #
#.......##.#
#..........#
#.......#
#..<....#+#####
#......#.......
#.#...o........
#....oo#.....(.
#......@.......
###...###.......
#.......#.......
#.###.#.#.######
#.#...#)#.#####
#.#...>.....oo.
#.#........####
#.#.##.........
#.#. #....$....


You could see an orc wizard (fast, invisible) and 2 orcs.

Vanquished Creatures
  An orc wizard (D:3)
  An adder (D:2)
  A dart slug (D:3)
  3 leopard geckos
  5 bats
  4 giant cockroaches
  3 goblins
  3 hobgoblins
  A jackal (D:2)
  4 kobolds
  A ball python (D:2)
  A frilled lizard (D:1)
  7 rats
35 creatures vanquished.

Vanquished Creatures (collateral kills)
  A goblin (D:2)
1 creature vanquished.

Grand Total: 36 creatures vanquished

Notes
Turn   | Place    | Note
-------+----------+-------------------------------------------
     0 | D:1      | Bapho the Vampire Necromancer began the quest for the Orb.
     0 | D:1      | Reached XP level 1. HP: 13/13 MP: 3/3
   250 | D:1      | Reached XP level 2. HP: 19/19 MP: 5/5
   476 | D:1      | Learned a level 1 spell: Animate Skeleton
   849 | D:2      | Found an opulent altar of Gozag.
   850 | D:2      | Found a hazy altar of Hepliaklqana.
   952 | D:2      | Reached XP level 3. HP: 8/24 MP: 2/6
  1294 | D:2      | Reached skill level 5 in Necromancy
  1386 | D:2      | Found a burning altar of Makhleb.
  1509 | D:3      | Reached XP level 4. HP: 25/30 MP: 2/7
  1524 | D:3      | Killed from afar by an orc wizard

Illustrated notes

Levels and vault maps discovered:
D:1:      dpeg_arrival_refuge, layout_rooms
D:2:      layout_rooms, gammafunk_temple_overflow_forgotten, minmay_mini_jars
D:3:      layout_basic, serial_undead, serial_undead_a, serial_undead_f,
          serial_undead_a, serial_undead_a, minmay_pentomino_pile, uniq_grinder

Skill      XL: |  1  2  3 |
---------------+----------+-----
Stealth        | 4 |  4.5
Necromancy     | 5 |  5.2
Short Blades   | |  0.4
Dodging        | |  2.1
Spellcasting   | |  2.5

Action                   |  1- 3 |  4- 6 || total
-------------------------+-------+-------++-------
Melee: Dagger            |    75 |       ||    75
       Bite              |    10 |       ||    10
       Short sword       |     2 |       ||     2
Throw: Stone             |    12 |       ||    12
 Cast: Pain              |    37 |     3 ||    40
       Animate Skeleton  |     8 |       ||     8
  Use: Scroll            |     8 |       ||     8
 Stab: Sleeping          |     1 |       ||     1
Armor: Robe              |    38 |       ||    38
Dodge: Dodged            |    86 |     4 ||    90

Table legend: (Time is in decaauts)
 A = Elapsed time spent in this place.
 B = Non-inter-level travel time spent in this place.
 C = Inter-level travel time spent in this place.
 D = Time resting spent in this place.
 E = Time spent auto-exploring this place.
 F = Levels seen in this place.
 G = Mean time per level.
                   A        B        C        D        E       F      G
               +--------+--------+--------+--------+--------+-----+--------+
         Total |   1523 |   1425 |     98 |    222 |    795 |   3 |  507.7 |
       Dungeon |   1523 |   1425 |     98 |    222 |    795 |   3 |  507.7 |
               +--------+--------+--------+--------+--------+-----+--------+

Top non-repeatable levels by time:
     D:2: 822 daAuts
     D:1: 659 daAuts
     D:3: 42 daAuts
